 Dungeon Crawl Stone Soup version 0.26-a0-259-g1effd001a9 (webtiles) character file.

Game seed: 1046077189044306762

51 drasked the Chopper (level 3, 0/31 HPs)
             Began as a Hill Orc Monk on July 24, 2020.
             Slain by a water moccasin (2 damage)
             ... on level 1 of the Dungeon.
             The game lasted 00:02:04 (1644 turns).

drasked the Chopper (Hill Orc Monk)                 Turns: 1644, Time: 00:02:05

Health: 0/31       AC:  2    Str: 14    XL:     3   Next: 83%
Magic:  3/3        EV: 13    Int: 10    God:
Gold:   6          SH:  0    Dex: 13    Spells: 2/2 levels left

rFire    . . .     SeeInvis .   a - +0 hand axe
rCold    . . .     Faith    .   (no shield)
rNeg     . . .     Spirit   .   b - +0 robe
rPois    .         Reflect  .   (no helmet)
rElec    .         Harm     .   (no cloak)
rCorr    .                      (no gloves)
MR       .....                  (no boots)
Stlth    ++........             (no amulet)
HPRegen  0.10/turn              (no ring)
MPRegen  0.08/turn              (no ring)

@: mighty, lethally poisoned (0 -> -30)
A: no striking features
a: no special abilities


You were on level 1 of the Dungeon.
You were not hungry.

You visited 1 branch of the dungeon, and saw 2 of its levels.

You collected 6 gold pieces.

Inventory:

Hand Weapons
 a - a +0 hand axe (weapon)
Missiles
 Q - 22 stones (quivered)
Armour
 b - a +0 robe (worn)
 g - a cursed +0 pair of gloves
   (You found it on level 1 of the Dungeon)
Jewellery
 d - a cursed ring of attention {unknown}
   (You found it on level 1 of the Dungeon)
Scrolls
 c - a scroll of random uselessness {unknown}
 f - a scroll of magic mapping {unknown}
Comestibles
 e - 3 rations


   Skills:
 - Level 3.6 Fighting
 + Level 6.2 Axes
 - Level 2.4 Dodging
 - Level 1.5 Stealth


You had 2 spell levels left.
You didn't know any spells.
Your spell library was empty.

Dungeon Overview and Level Annotations

Branches:
Dungeon (2/15)

Altars:


Message History

Things that are here:
a +0 club; a hobgoblin corpse
Q - 12 stones (gained 1)
You see here a jackal corpse.
Q - 13 stones (gained 1)
Q - 14 stones (gained 1)
Q - 15 stones (gained 1)
Q - 16 stones (gained 1)
Q - 18 stones (gained 2)
Q - 19 stones (gained 1)
Q - 20 stones (gained 1)
Q - 21 stones (gained 1)
Q - 22 stones (gained 1)
Q - 23 stones (gained 1)
Q - 24 stones (gained 1)
Q - 25 stones (gained 1)
Q - 26 stones (gained 1)
An adder and a water moccasin come into view.
You see here a stone.
There are monsters nearby!
Throwing (i - inventory)
Q - 26 stones (quivered)
Aim: a water moccasin (asleep)
You throw a stone.
The stone hits the water moccasin but does no damage.
The water moccasin hisses angrily.
Throwing (i - inventory)
Q - 25 stones (quivered)
Aim: a water moccasin (fire blocked by a translucent rock wall)
You throw a stone. The stone hits the adder.
Throwing (i - inventory)
Q - 24 stones (quivered)
Aim: an adder (lightly wounded)
You throw a stone. The stone misses the adder.
Throwing (i - inventory)
Q - 23 stones (quivered)
Aim: an adder (lightly wounded)
You throw a stone. The stone misses the adder.
You closely miss the water moccasin. The water moccasin misses you. x2
The adder misses you.
You barely miss the adder.
You hit the water moccasin but do no damage.
The water moccasin bites you.
You are poisoned.
The water moccasin poisons you! The adder barely misses you.
You barely miss the adder. You barely miss the water moccasin.
You feel sick. The water moccasin barely misses you.
The adder barely misses you. The water moccasin closely misses you.
You closely miss the adder.
You hit the water moccasin but do no damage.
You feel sick. The adder bites you.
You are more poisoned.
The adder poisons you! The water moccasin bites you!
* * * LOW HITPOINT WARNING * * *
The adder misses you.
* * * LOW HITPOINT WARNING * * *
You feel sick.
* * * LOW HITPOINT WARNING * * *
You feel sick. The water moccasin barely misses you.
* * * LOW HITPOINT WARNING * * *
You feel sick.
You see here a stone.
* * * LOW HITPOINT WARNING * * *
You feel sick.
There is a stone staircase leading up here.
* * * LOW HITPOINT WARNING * * *
You feel sick.
The water moccasin bites you but does no damage.
You climb upwards.
* * * LOW HITPOINT WARNING * * *
You feel sick.
There is a stone staircase leading down here.
It was a potion of ambrosia.
You are confused.
You feel invigorated.
* * * LOW HITPOINT WARNING * * *
You feel sick. The water moccasin barely misses you.
The water moccasin bites you but does no damage.
It was a potion of magic.
Magic courses through your body.
* * * LOW HITPOINT WARNING * * *
You feel sick. The water moccasin bites you.
* * * LOW HITPOINT WARNING * * *
You are more poisoned.
The water moccasin poisons you!
It was a potion of might.
You feel very mighty all of a sudden.
* * * LOW HITPOINT WARNING * * *
You feel sick. The water moccasin bites you.
* * * LOW HITPOINT WARNING * * *
You are more poisoned.
The water moccasin poisons you! The water moccasin closely misses you.
* * * LOW HITPOINT WARNING * * *
You feel very sick.
You bump into the rock wall.
* * * LOW HITPOINT WARNING * * *
You feel sick. The water moccasin bites you.
* * * LOW HITPOINT WARNING * * *
You're too confused to move!
You feel less invigorated.
You feel less confused.
* * * LOW HITPOINT WARNING * * *
You feel very sick. The water moccasin bites you.
You die...

#..........###.##.# #.#..##
#######.#.........# #.#.8#.
#.......#..###.#..# #.#..#.
###.#####.......#######8.#.
#....# #...###.......8⌠.#.
#....####........8.......#.
#....#.......#############.
#....####.#......##### #.
#.........@..........# #.
###'#.###>S#.###.###.#####.
######.#.# #..#.#######.......
#......#.###).#.##....########
##.#####..............'.......
#.......###..#.......########
###########.###..###.#####.....##
#....# #...........#.# #.....'.
#.##.# #.##......#.#.# #.....##


You could see a water moccasin.

Levels and vault maps discovered:
D:1:      scummos_arrival_hexagon, layout_basic, chequers_decorated_corner,
          minmay_statues_item, corner_web_ring
D:2:      layout_rooms, eino_tiny_chamber, glass_columns_c

Notes
Turn   | Place    | Note
-------+----------+-------------------------------------------
     0 | D:1      | drasked the Hill Orc Monk began the quest for the Orb.
     0 | D:1      | Reached XP level 1. HP: 19/19 MP: 1/1
   160 | D:1      | Identified a +0 short sword
   175 | D:1      | Identified a +0 club
   193 | D:1      | Identified a +0 club
   223 | D:1      | Reached XP level 2. HP: 26/26 MP: 2/2
   406 | D:1      | Reached skill level 5 in Axes
   787 | D:1      | Identified a +0 club
   798 | D:1      | Reached XP level 3. HP: 31/31 MP: 3/3
  1035 | D:1      | Identified a +0 club
  1393 | D:2      | Identified a +0 club
  1404 | D:2      | Reached skill level 6 in Axes
  1478 | D:2      | Identified a cursed -2 club
  1624 | D:2      | Noticed a water moccasin
  1637 | D:2      | HP: 7/31 [poisoned by an adder]
  1639 | D:1      | Identified a potion of ambrosia
  1640 | D:1      | Identified a potion of magic
  1641 | D:1      | Identified a potion of might
  1642 | D:1      | HP: 6/31 [poisoned by a water moccasin]
  1643 | D:1      | HP: 1/31 [water moccasin (6)]
  1644 | D:1      | Slain by a water moccasin

Table legend:
 A = Turns spent in this place as a percentage of turns spent in the entire game.
 B = Non-inter-level travel turns spent in this place as a percentage of non-inter-level travel turns spent in the entire game.
 C = Inter-level travel turns spent in this place as a percentage of turns spent in this place.
 D = Turns resting spent in this place as a percentage of non-inter-level travel turns spent in this place.
 E = Turns spent auto-exploring this place as a percentage of non-inter-level travel turns spent in this place.
 F = Non-inter-level travel turns spent in this place divided by the number of levels of this place that you've seen.
                   A       B       C       D       E      F
               +-------+-------+-------+-------+-------+----------------------
         Total | 100.0 | 100.0 |   2.6 |  27.2 |  58.4 | 800.5
       Dungeon | 100.0 | 100.0 |   2.6 |  27.2 |  58.4 | 800.5
               +-------+-------+-------+-------+-------+----------------------

Table legend:
 A = Kills in this place as a percentage of kills in entire the game.
 B = Kills by you in this place as a percentage of kills by you in the entire game.
 C = Kills by friends in this place as a percentage of kills by friends in the entire game.
 D = Other kills in this place as a percentage of other kills in the entire game.
 E = Experience gained in this place as a percentage of experience gained in the entire game.
 F = Experience gained in this place divided by the number of levels of this place that you have seen.
                   A       B       C       D       E      F
               +-------+-------+-------+-------+-------+----------------------
         Total | 100.0 | 100.0 |   N/A |   N/A | 100.0 |  37.0
       Dungeon | 100.0 | 100.0 |   N/A |   N/A | 100.0 |  37.0
               +-------+-------+-------+-------+-------+----------------------

Skill      XL: |  1  2  3 |
---------------+----------+-----
Axes           | 5 6 |  6.2
Fighting       | |  3.6
Dodging        | |  2.4
Stealth        | |  1.5

Action                   || total
-------------------------++-------
Melee: Hand axe          ||    82
Throw: Stone             ||    84
  Use: Potion            ||     3
 Stab: Sleeping          ||     1
  Eat: Ration            ||     1
Armor: Robe              ||    11
Dodge: Dodged            ||    62

Vanquished Creatures
  2 oozes
  A dart slug (D:1)
  A leopard gecko (D:1)
  2 giant cockroaches (D:1)
  4 goblins
  6 hobgoblins
  3 jackals
  A kobold (D:1)
  2 quokkas (D:2)
  A ball python (D:2)
  7 bats
  3 frilled lizards (D:1)
  4 rats
37 creatures vanquished.
